 Dungeon Crawl Stone Soup version 0.31-a0-1074-g0b22e4e0f1 (webtiles) character file.

Game seed: 17166275964820838218

20881 grandjackal the Destroyer (level 12, -3/79 HPs)
             Began as a Tengu Conjurer on Nov 29, 2023.
             Was a High Priest of Vehumet.
             Slain by a two-headed ogre
             ... wielding a +0 giant spiked club
              (7 damage)
             ... on level 1 of the Orcish Mines.
             The game lasted 00:25:17 (13898 turns).

grandjackal the Destroyer (Tengu Conjurer)         Turns: 13898, Time: 00:25:17

Health: -3/79      AC:  8    Str:  7    XL:     12   Next: 84%
Magic:  24/36      EV: 14    Int: 23    God:    Vehumet [*****.]
Gold:   1062       SH:  5    Dex: 14    Spells: 24/31 levels left

rFire   + + +        z - +8 flail of Kiupp {freeze, rPois rF++}
rCold   . . .        (no shield)
rNeg    . . .        t - +0 swamp dragon scales
rPois   +            (helmet restricted)
rElec   .            G - +0 cloak
rCorr   .            (no gloves)
SInv    .            (boots unavailable)
Will    .....        x - amulet of reflection
Stlth   +            r - ring of protection from fire
HPRegen 0.33/turn    h - ring of magical power
MPRegen 0.25/turn

%: reflection, acrobat
@: flying
A: beak, talons 3, evasive flight, acrobatic
a: Renounce Religion


You were on level 1 of the Orcish Mines.
You worshipped Vehumet.
Vehumet was extremely pleased with you.
You visited 3 branches of the dungeon, and saw 14 of its levels.

You collected 1062 gold pieces.

Inventory:

Hand Weapons
 k - a +0 whip of electrocution
 p - a +1 dagger of venom
 s - a +1 flail of protection
 z - the +8 flail of Kiupp (weapon) {freeze, rPois rF++}
   (You found it on level 5 of the Dungeon)

   rF++:      It greatly protects you from fire.
   rPois:     It protects you from poison
Missiles
 l - 12 poisoned darts
 o - 2 darts of dispersal
 C - 2 throwing nets
 M - 8 curare-tipped darts
Armour
 t - +0 swamp dragon scales (worn)
 A - a +0 robe of fire resistance
 G - a +0 cloak (worn)
 K - +0 acid dragon scales
Jewellery
 h - a ring of magical power (right hand)
 r - a ring of protection from fire (left hand)
 x - an amulet of reflection (around neck)
 L - a ring of positive energy
 N - a ring of fire
 O - a ring of poison resistance
 P - a ring of see invisible
Wands
 F - a wand of roots (9)
 H - a wand of mindburst (8)
 I - a wand of acid (10)
Scrolls
 c - 2 scrolls of fog {unknown}
 d - 2 scrolls of blinking {unknown}
 e - 4 scrolls of teleportation {unknown}
 f - a scroll of vulnerability {unknown}
 g - a scroll of revelation {unknown}
 n - 3 scrolls of enchant armour {unknown}
 y - a scroll of immolation {unknown}
 E - a scroll of fear {unknown}
 J - a scroll of poison {unknown}
 R - a scroll of summoning {unknown}
Potions
 a - 2 potions of mutation
 b - a potion of magic
 i - 2 potions of heal wounds
 j - 2 potions of curing
 m - 5 potions of attraction {unknown}
 q - a potion of haste
 u - a potion of berserk rage
 v - 3 potions of brilliance {unknown}
 w - 2 potions of degeneration {unknown}
 B - a potion of ambrosia {unknown}
 D - a potion of resistance {unknown}
 Q - 2 potions of might {unknown}
 S - 2 potions of enlightenment {unknown}


   Skills:
 + Level 10.6 Fighting
 - Level 2.1 Dodging
 - Level 2.0 Stealth
 + Level 10.1 Spellcasting
 + Level 14.6 Conjurations
 - Level 7.0 Translocations
 + Level 5.9 Evocations


You had 24 spell levels left.
You knew the following spells:

 Your Spells              Type           Power      Damage    Failure   Level
a - Magic Dart            Conj           100%       1d8       1%          1
b - Searing Ray           Conj           100%       2d8       1%          2
c - Iskenderun's Mystic   Conj/Tloc      57%        2d12      1%          4

Your spell library contained the following spells:

 Spells                   Type           Power      Damage    Failure   Level
 Yara's Violent Unravell  Hex/Tmut       5%         3d4       77%         5
 Dazzling Flash           Conj/Hex       90%        N/A       1%          3
 Hailstorm                Conj/Ice       45%        3d10      1%          3
 Fulminant Prism          Conj/Hex       22%        3d12      2%          4
 Irradiate                Conj/Tmut      22%        3d19      7%          5
 Summon Small Mammal      Summ           44%        N/A       21%         1
 Sublimation of Blood     Necr           11%        N/A       30%         2
 Call Canine Familiar     Summ           11%        N/A       52%         3
 Summon Forest            Summ/Tloc      13%        N/A       78%         5
 Animate Dead             Necr           11%        N/A       89%         4
 Petrify                  Tmut/Erth      11%        N/A       89%         4
 Borgnjor's Vile Clutch   Necr/Erth      5%         N/A       99%         5
 Death Channel            Necr           5%         N/A       100%        6


Dungeon Overview and Level Annotations

Branches:
Dungeon (12/15)            Temple (1/1) D:4            Lair (0/5) D:11
    Orc (1/2) D:12

Altars:
Ashenzari
Cheibriados
Dithmenos
Elyvilon
Fedhas
Gozag
Hepliaklqana
Kikubaaqudgha
Makhleb
Nemelex Xobeh
Okawaru
Qazlal
Ru
Sif Muna
Trog
Uskayaw
Vehumet
Wu Jian
Xom
Yredelemnul
Zin
The Shining One

Annotations:
D:2 1 runed translucent door, Crazy Yiuf
D:5 1 runed translucent door
D:11 3 runed translucent doors, exclusions: oklob plant and oklob sapling, Sirjeffry24's ghost, journeyman DrSh


Innate Abilities, Weirdness & Mutations

You have a beak for a mouth.
You have claws for feet.
Your magical flight helps you evade attacks. (EV +4)
You can magically evade attacks while moving or waiting.


Message History

The two-headed ogre is moderately wounded.
The two-headed ogre hits you with a +0 giant spiked club!
The two-headed ogre hits you with a +0 giant club!
Unknown command.
Casting: Iskenderun's Mystic Blast (mildly dangerous; 1% risk of failure)
Confirm with . or Enter, or press ? or * to list all spells.
You erupt in a blast of force!
The mystic blast hits the orc!!
You kill the orc!
Vehumet accepts your kill.
You feel your power returning.
The mystic blast hits the two-headed ogre!
The two-headed ogre is heavily wounded.
Unknown command.
Unknown command.
Casting: Iskenderun's Mystic Blast (mildly dangerous; 1% risk of failure)
Confirm with . or Enter, or press ? or * to list all spells.
You erupt in a blast of force!
The mystic blast hits the orc priest!
The orc priest is almost dead.
The orc priest is knocked back by the mystic blast.
The orc priest slams into the rock wall!
You kill the orc priest!
Vehumet accepts your kill.
You feel your power returning.
The mystic blast hits the two-headed ogre!!
The two-headed ogre is almost dead.
The two-headed ogre hits you with a +0 giant spiked club!
The two-headed ogre hits you with a +0 giant club!!
* * * LOW HITPOINT WARNING * * *
The orc priest mumbles some strange prayers to Beogh against you.
Beogh smites you!
* * * LOW HITPOINT WARNING * * *
Casting: Iskenderun's Mystic Blast (mildly dangerous; 1% risk of failure)
Confirm with . or Enter, or press ? or * to list all spells.
You erupt in a blast of force!
The mystic blast hits the two-headed ogre!
The two-headed ogre is almost dead.
The orc priest looks satisfied for a moment.
You block the two-headed ogre's attack.
The two-headed ogre hits you with a +0 giant club!
You die...

#.......>##...##..#
#........##.###...#
##........#.## ##.##
#......)....)######
#..........o..##
#....)))......#
###...........##
#......#[#)...##
#....#...O@>....###
##.###....[.......##
###..#...)..#.....#
#......#.........#
##..............##
###....#........#
##.##.........#.##
#..........#.####
##.##........#.##


You could see a two-headed ogre and an orc priest.

Vanquished Creatures
  Harold (D:11)
  Erolcha (D:12)
  A hydra (D:12)
  A boulder beetle (D:11)
  2 two-headed ogres (D:10)
  2 orc knights
  Maurice (D:11)
  A manticore (D:11)
  3 cyclopes
  A gargoyle (D:12)
  Jeremiah (D:6)
  A kobold demonologist (D:9)
  Maggie (D:6)
  An unseen horror (D:10)
  3 unseen horror zombies (D:9)
  A komodo dragon (D:11)
  5 trolls
  2 hornets (D:11)
  Prince Ribbit (D:5)
  5 slime creatures (D:12)
  Sigmund (D:5)
  2 shadows
  2 vampires
  A wraith (D:12)
  12 yaks
  A human (D:12)
  A steam dragon (D:8)
  3 wyverns (D:11)
  2 wargs
  4 acid dragons
  5 water moccasins (D:11)
  11 orc warriors
  A sky beast (D:6)
  2 black bears
  2 ice beasts
  2 ogres
  5 boggarts (D:11)
  3 centaurs
  A kobold brigand (D:8)
  3 necrophages (D:9)
  A wyvern zombie (D:9)
  4 gnoll sergeants
  A scorpion (D:6)
  4 wights
  10 killer bees
  4 howler monkeys
  A centaur zombie (D:9)
  2 jellies
  2 hounds
  2 human zombies
  10 orc priests
  A gnoll bouda (D:8)
  4 iguanas
  9 orc wizards
  2 howler monkey zombies (D:9)
  10 adders
  16 gnolls
  A shadow imp (D:8)
  4 white imps
  5 ufetubi
  2 worms
  3 dart slugs
  68 orcs
  9 endoplasms
  2 giant cockroaches (D:3)
  9 goblins
  5 hobgoblins
  4 jackals (D:11)
  2 quokkas (D:1)
  18 ball pythons
  3 bats (D:3)
  2 frilled lizards
  13 kobolds
  A kobold zombie (D:5)
  5 rats
338 creatures vanquished.

Vanquished Creatures (others)
  An orc wizard (D:7)
1 creature vanquished.

Grand Total: 339 creatures vanquished

Notes
Turn   | Place    | Note
-------+----------+-------------------------------------------
     0 | D:1      | grandjackal the Tengu Conjurer began the quest for the Orb.
     0 | D:1      | Reached XP level 1. HP: 10/10 MP: 4/4
   267 | D:1      | Reached XP level 2. HP: 16/16 MP: 3/6
   308 | D:1      | Learned a level 2 spell: Searing Ray
   353 | D:1      | Reached skill level 1 in Fighting
   878 | D:2      | Reached XP level 3. HP: 20/20 MP: 5/7
  1142 | D:2      | Reached skill level 6 in Conjurations
  1142 | D:2      | Reached XP level 4. HP: 26/26 MP: 1/9
  1215 | D:2      | Learned a level 4 spell: Iskenderun's Mystic Blast
  1249 | D:2      | Found a runed translucent door.
  1250 | D:2      | Noticed Crazy Yiuf
  1359 | D:2      | Found a shadowy altar of Dithmenos.
  2047 | D:3      | Reached XP level 5. HP: 28/31 MP: 5/10
  2198 | D:3      | Reached skill level 1 in Translocations
  2519 | D:4      | Found a broken altar of Ashenzari.
  2697 | D:4      | Found a staircase to the Ecumenical Temple.
  2708 | Temple   | Entered the Ecumenical Temple
  2716 | Temple   | Became a worshipper of Vehumet
  3073 | D:5      | Entered Level 5 of the Dungeon
  3107 | D:5      | Reached XP level 6. HP: 36/36 MP: 11/12
  3301 | D:5      | Reached skill level 7 in Conjurations
  3305 | D:5      | Identified the +8 flail of Kiupp {freeze, rPois rF++}
  3373 | D:5      | Noticed Prince Ribbit
  3381 | D:5      | Killed Prince Ribbit
  3382 | D:5      | Gained mutation: Your magical flight helps you evade
                  | attacks. (EV +4) [Tengu growth]
  3382 | D:5      | Reached XP level 7. HP: 22/41 MP: 14/14
  3456 | D:5      | Noticed Sigmund
  3467 | D:5      | Killed Sigmund
  3595 | D:5      | Reached XP level 8. HP: 48/48 MP: 15/15
  3637 | D:5      | Found a runed translucent door.
  3647 | D:5      | Reached skill level 8 in Conjurations
  3651 | D:5      | Found a basalt altar of Yredelemnul.
  4042 | D:6      | Reached * piety under Vehumet
  4042 | D:6      | Offered knowledge of Kiss of Death by Vehumet.
  4162 | D:6      | Reached skill level 5 in Spellcasting
  4201 | D:6      | Reached skill level 5 in Fighting
  4318 | D:6      | Found a hide-covered altar of Uskayaw.
  4402 | D:6      | Noticed Maggie
  4426 | D:6      | Killed Maggie
  4427 | D:6      | Reached skill level 9 in Conjurations
  4427 | D:6      | Reached XP level 9. HP: 47/54 MP: 18/18
  4609 | D:6      | Noticed Jeremiah
  4629 | D:6      | Killed Jeremiah
  4721 | D:6      | Found a shadowy altar of Dithmenos.
  4944 | D:6      | Found a hazy altar of Hepliaklqana.
  5428 | D:7      | Reached skill level 10 in Conjurations
  5662 | D:7      | Offered knowledge of Sandblast by Vehumet.
  5684 | D:7      | Reached ** piety under Vehumet
  5970 | D:8      | Reached skill level 5 in Translocations
  6186 | D:8      | Reached XP level 10. HP: 58/61 MP: 21/21
  6188 | D:8      | Found a shimmering blue altar of Sif Muna.
  6637 | D:9      | Offered knowledge of Frozen Ramparts by Vehumet.
  6640 | D:9      | Reached skill level 11 in Conjurations
  6953 | D:9      | Reached *** piety under Vehumet
  6960 | D:9      | Found an ancient bone altar of Kikubaaqudgha.
  7500 | D:9      | Offered knowledge of Brom's Barrelling Boulder by Vehumet.
  7817 | D:9      | Noticed a kobold demonologist
  7824 | D:9      | Killed a kobold demonologist
  8277 | D:10     | Entered Level 10 of the Dungeon
  8395 | D:10     | Noticed a two-headed ogre
  8405 | D:10     | Killed a two-headed ogre
  8406 | D:10     | Reached skill level 12 in Conjurations
  8406 | D:10     | Reached XP level 11. HP: 69/69 MP: 19/24
  8652 | D:10     | Noticed a two-headed ogre
  8658 | D:10     | Killed a two-headed ogre
  8970 | D:10     | Noticed a cyclops
  9047 | D:10     | Killed a cyclops
  9254 | D:10     | Noticed an orc knight
  9600 | D:10     | Killed an orc knight
  9601 | D:10     | Reached skill level 1 in Evocations
  9982 | D:11     | Noticed Sirjeffry24's ghost (journeyman DrSh)
  9982 | D:11     | Noticed a boulder beetle
 10018 | D:11     | Found a runed translucent gate.
 10018 | D:11     | Found a runed translucent gate.
 10020 | D:11     | Found a runed translucent gate.
 10051 | D:11     | Noticed Harold
 10065 | D:11     | Killed Harold
 10284 | D:11     | Reached skill level 13 in Conjurations
 10288 | D:11     | Reached **** piety under Vehumet
 10292 | D:11     | Offered knowledge of Stone Arrow by Vehumet.
 10294 | D:11     | Noticed a green ugly thing
 10311 | D:11     | Noticed a cyclops
 10419 | D:11     | Killed a cyclops
 10489 | D:11     | Noticed a boulder beetle
 10708 | D:11     | Killed a boulder beetle
 10709 | D:11     | Reached XP level 12. HP: 60/77 MP: 2/26
 10774 | D:11     | Noticed Maurice
 10778 | D:11     | Killed Maurice
 11050 | D:11     | Found a staircase to the Lair.
 11452 | D:11     | Got Noj Qien's Parchment of Nature
 11820 | D:12     | Reached skill level 10 in Fighting
 12164 | D:12     | Noticed a five-headed hydra
 12276 | D:12     | Killed a five-headed hydra
 12277 | D:12     | Reached skill level 14 in Conjurations
 12477 | D:12     | Found a staircase to the Orcish Mines.
 12498 | D:12     | Reached skill level 5 in Evocations
 13008 | D:12     | Noticed Erolcha
 13019 | D:12     | Killed Erolcha
 13420 | Orc:1    | Entered Level 1 of the Orcish Mines
 13429 | Orc:1    | Reached ***** piety under Vehumet
 13458 | Orc:1    | Offered knowledge of Yara's Violent Unravelling by Vehumet.
 13459 | Orc:1    | Reached skill level 10 in Spellcasting
 13737 | Orc:1    | Noticed a two-headed ogre
 13897 | Orc:1    | HP: 3/79 [orc priest/divine providence (9)]
 13898 | Orc:1    | Slain by a two-headed ogre

Illustrated notes

Levels and vault maps discovered:
D:1:      shiori_arrival_whats_in_store_for_you, layout_basic,
          serial_bayou_ford_a
D:2:      layout_loops_ring, basic_altar, uniq_crazy_yiuf_cottage
D:3:      layout_rooms
D:4:      layout_loops_ring, amcnicky_altar_gilded,
          minmay_temple_entry_stoned_glass
D:5:      layout_rooms, dk_yredelemnul_ordeal, uniq_prince_ribbit1, uniq_sigmund
D:6:      layout_basic, mainiacjoe_overflow_paths, lemuel_crystal_altar,
          kennysheep_mini_moat, uniq_maggie, uniq_jeremiah
D:7:      layout_cave_pools, nicolae_the_louvre
D:8:      layout_layer_cave, hellmonk_sif_muna_bookshelves, enter_bailey_3,
          dreamdust_gnoll_shepherd
D:9:      layout_basic, lemuel_mausoleum_altar_kikubaaqudgha
D:10:     layout_gridville, minmay_checkerbox
D:11:     layout_loops_ring, minmay_lair_entry_grove, gammafunk_ghost_split,
          introduction_to_nature_2, uniq_maurice, uniq_harold
D:12:     layout_roguey, erik_orc_4, amethyst_killhole, minivault_19,
          uniq_erolcha
Temple:   nicolae_temple_no_exploring_needed
Orc:1:    layout_caves

Skill      XL: |  1  2  3  4  5  6  7  8  9 10 11 12 |
---------------+-------------------------------------+-----
Fighting       | 1 2 3 4 5 6 8 9 10 | 10.6
Conjurations   | 6 7 9 10 12 13 14 | 14.6
Spellcasting   | 3 4 5 6 8 9 10 | 10.1
Translocations | 1 2 3 4 5 6 7 |  7.0
Evocations     | 3 5 |  5.9
Dodging        | |  2.1
Stealth        | |  2.0

Action                     |  1- 3 |  4- 6 |  7- 9 | 10-12 || total
---------------------------+-------+-------+-------+-------++-------
  Melee: Peck              |     2 |     9 |     8 |    31 ||    50
         Unarmed           |     1 |       |       |       ||     1
         Whip              |    11 |    48 |       |       ||    59
         Kick              |     2 |    12 |    13 |    51 ||    78
         Punch             |       |     1 |       |     3 ||     4
         Flail             |       |       |    63 |   162 ||   225
   Cast: Magic Dart        |    44 |    24 |    31 |    39 ||   138
         Searing Ray       |       |    17 |    43 |   130 ||   190
         Iskenderun's Myst |       |       |     2 |    54 ||    56
  Evoke: Wand              |       |       |       |    12 ||    12
    Use: Scroll            |       |       |     3 |     3 ||     6
         Potion            |       |       |     1 |     2 ||     3
   Stab: Sleeping          |       |     5 |       |     2 ||     7
 Armour: Robe              |       |    15 |    11 |       ||    26
         Skin              |       |       |     8 |       ||     8
         Swamp dragon scal |       |       |    46 |   210 ||   256
  Dodge: Dodged            |    15 |    46 |    88 |   311 ||   460
  Block: Other             |       |     4 |    30 |    80 ||   114
         Reflection        |       |       |     1 |     1 ||     2

Table legend: (Time is in decaauts)
 A = Elapsed time spent in this place.
 B = Non-inter-level travel time spent in this place.
 C = Inter-level travel time spent in this place.
 D = Time resting spent in this place.
 E = Time spent auto-exploring this place.
 F = Levels seen in this place.
 G = Mean time per level.
                   A        B        C        D        E       F      G
               +--------+--------+--------+--------+--------+-----+--------+
         Total |  14002 |  13668 |    334 |   4477 |   6648 |  14 | 1000.1 |
       Dungeon |  13770 |  13444 |    326 |   4477 |   6557 |  12 | 1147.5 |
        Temple |     15 |      8 |      7 |      0 |      0 |   1 |   15.0 |
  Orcish Mines |    215 |    215 |      0 |      0 |     91 |   1 |  215.0 |
               +--------+--------+--------+--------+--------+-----+--------+

Top non-repeatable levels by time:
    D:12: 1909 daAuts
     D:9: 1819 daAuts
    D:11: 1769 daAuts
    D:10: 1620 daAuts
     D:6: 1236 daAuts
     D:2: 1027 daAuts
     D:5: 879 daAuts
     D:1: 805 daAuts
     D:7: 783 daAuts
     D:8: 689 daAuts
     D:3: 657 daAuts
     D:4: 570 daAuts
   Orc:1: 215 daAuts
  Temple: 15 daAuts
